3R
QUEBEC ROOKIES @ HUDSONVILLE FLANDERSES
06/06/2033
 
TOP OF THE 1ST
Quebec Rookies batting - Pitching for Hudsonville Flanderses : RHP Ricardo Martínez
Pitching: RHP Ricardo Martínez
Batting: RHB Paul Tate 0-0: Ball
1-0: Called Strike
1-1: Foul Ball, location: 2F
1-2: Ball
2-2: SINGLE (Flyball, 9S)
Batting: RHB Rien Provoost 0-0: Ball
1-0: Foul Ball, location: 2F
1-1: Ball
2-1: Swinging Strike
2-2: Foul Ball, location: 2F
2-2: Foul Ball, location: 2F
2-2: Ground out 5-3 (Groundball, 56S)
Paul Tate to second
Batting: LHB Palaie Gaoteote 0-0: Called Strike
0-1: SINGLE (Line Drive, 4D)
Paul Tate to third
Batting: RHB Jon Deal 0-0: Swinging Strike
0-1: Ball
1-1: Ball
2-1: Ball
3-1: Called Strike
3-2: Foul Ball, location: 2F
3-2: Fly out, F9 (Flyball, 9)
Runner from 3rd tags up, OUT at HOME
Top of the 1st over - 0 runs, 2 hits, 0 errors, 1 left on base; Quebec 0 - Hudsonville 0
BOTTOM OF THE 1ST
Hudsonville Flanderses batting - Pitching for Quebec Rookies : RHP Pancho Medellín
Pitching: RHP Pancho Medellín
Batting: SHB Kensaku Usui 0-0: Ball
1-0: SINGLE (Groundball, 34D)
Batting: LHB Roberts Hamhock 0-0: Ball
1-0: Ball
2-0: Ball
3-0: Called Strike
3-1: Swinging Strike
3-2: Foul Ball, location: 2F
3-2: Base on Balls
Kensaku Usui to second
Batting: RHB Madhavacharta Bhavalakar 0-0: Ball
1-0: Called Strike
1-1: Foul Ball, location: 2F
1-2: Ground out 6-3 (Groundball, 6M)
Kensaku Usui to third
Roberts Hamhock to second
Batting: LHB Gregory Clement 0-0: Swinging Strike
0-1: DOUBLE (Line Drive, 78D)
Kensaku Usui scores
Roberts Hamhock scores
Batting: LHB Sandro Goro 0-0: Ball
1-0: Ground out 6-3 (Groundball, 6)
Gregory Clement to third
Batting: LHB Yu Miao 0-0: Ground out U3 (Groundball, 3L)
Bottom of the 1st over - 2 runs, 2 hits, 0 errors, 1 left on base; Quebec 0 - Hudsonville 2
TOP OF THE 2ND
Quebec Rookies batting - Pitching for Hudsonville Flanderses : RHP Ricardo Martínez
Batting: LHB John Langevine 0-0: Ball
1-0: Called Strike
1-1: SINGLE (Groundball, 34D)
Batting: RHB Alejandro Córdova 0-0: Called Strike
0-1: Ball
1-1: Foul Ball, location: 2F
1-2: Strikes out swinging
Batting: RHB Justin Hunt 0-0: Called Strike
0-1: Foul Ball, location: 2F
0-2: Strikes out swinging
Batting: LHB Keith Pick 0-0: Called Strike
0-1: Called Strike
0-2: Foul Ball, location: 2F
0-2: Fly out, F9 (Flyball, 9LSF)
Top of the 2nd over - 0 runs, 1 hit, 0 errors, 1 left on base; Quebec 0 - Hudsonville 2
BOTTOM OF THE 2ND
Hudsonville Flanderses batting - Pitching for Quebec Rookies : RHP Pancho Medellín
Batting: RHB Miguel Pacheco 0-0: Fly out, F7 (Flyball, 7)
Batting: RHB Raúl Colomo 0-0: Fly out, F9 (Flyball, 9S)
Batting: LHB Aurelius Estrada 0-0: Called Strike
0-1: DOUBLE (Line Drive, 9LM)
Batting: SHB Kensaku Usui 0-0: SINGLE (Line Drive, 8LS)
Aurelius Estrada to third
Batting: LHB Roberts Hamhock 0-0: Ball
1-0: Ball
2-0: Foul Ball, location: 2F
2-1: Foul Ball, location: 2F
2-2: Ball
3-2: Base on Balls
Kensaku Usui to second
Batting: RHB Madhavacharta Bhavalakar 0-0: Foul Ball, location: 2F
0-1: SINGLE (Groundball, 5D)
Aurelius Estrada scores
Kensaku Usui to third
Roberts Hamhock to second
Runner from 3rd tries for Home, SAFE, no throw
Batting: LHB Gregory Clement 0-0: Hit by Pitch
Roberts Hamhock to third
Madhavacharta Bhavalakar to second
Batting: LHB Sandro Goro 0-0: Called Strike
0-1: Foul Ball, location: 2F
0-2: Ground out 1-3 (Groundball, 13S)
Bottom of the 2nd over - 2 runs, 3 hits, 0 errors, 3 left on base; Quebec 0 - Hudsonville 4
TOP OF THE 3RD
Quebec Rookies batting - Pitching for Hudsonville Flanderses : RHP Ricardo Martínez
Batting: LHB Arturo Durango 0-0: Called Strike
0-1: Ball
1-1: Swinging Strike
1-2: Ball
2-2: Foul Ball, location: 2F
2-2: Ground out 1-3 (Groundball, P)
Batting: RHB Paul Tate 0-0: Ball
1-0: Foul Ball, location: 2F
1-1: Ball
2-1: Called Strike
2-2: Ball
3-2: Foul Ball, location: 2F
3-2: SINGLE (Groundball, 34S) (infield hit)
Batting: RHB Rien Provoost 0-0: Ball
1-0: Ball
2-0: Foul Ball, location: 2F
2-1: Ball
3-1: Called Strike
3-2: Foul Ball, location: 2F
3-2: Ground out 6-3 (Groundball, 6)
Paul Tate to second
Batting: LHB Palaie Gaoteote 0-0: Ball
1-0: Foul Ball, location: 2F
1-1: Ball
2-1: Ball
3-1: Foul Ball, location: 2F
3-2: Fly out, F9 (Flyball, 9LS)
Top of the 3rd over - 0 runs, 1 hit, 0 errors, 1 left on base; Quebec 0 - Hudsonville 4
BOTTOM OF THE 3RD
Hudsonville Flanderses batting - Pitching for Quebec Rookies : RHP Pancho Medellín
Batting: LHB Yu Miao 0-0: Ball
1-0: Foul Ball, location: 2F
1-1: Swinging Strike
1-2: Ball
2-2: Ball
3-2: Strikes out looking
Batting: RHB Miguel Pacheco 0-0: Ball
1-0: Ball
2-0: Called Strike
2-1: Swinging Strike
2-2: Ball
3-2: Foul Ball, location: 2F
3-2: Strikes out swinging
Batting: RHB Raúl Colomo 0-0: Reached on error, E5 (Groundball, 56)
Batting: LHB Aurelius Estrada 0-0: Ball
1-0: Ball
2-0: Ball
3-0: Base on Balls
Batting: SHB Kensaku Usui 0-0: Swinging Strike
0-1: Fly out, F8 (Flyball, 8RD)
Bottom of the 3rd over - 0 runs, 0 hits, 1 error, 2 left on base; Quebec 0 - Hudsonville 4
TOP OF THE 4TH
Quebec Rookies batting - Pitching for Hudsonville Flanderses : RHP Ricardo Martínez
Batting: RHB Jon Deal 0-0: Called Strike
0-1: Called Strike
0-2: Reached on error, E6 (Groundball, 6)
Batting: LHB John Langevine 0-0: Fly out, F8 (Flyball, 8LD)
Batting: RHB Alejandro Córdova 0-0: Ball
1-0: Foul Ball, location: 2F
1-1: Ball
2-1: Swinging Strike
2-2: Strikes out swinging
Batting: RHB Justin Hunt 0-0: Ball
1-0: Ball
2-0: Called Strike
2-1: Ground out 1-3 (Groundball, 13)
Top of the 4th over - 0 runs, 0 hits, 1 error, 1 left on base; Quebec 0 - Hudsonville 4
BOTTOM OF THE 4TH
Hudsonville Flanderses batting - Pitching for Quebec Rookies : RHP Pancho Medellín
Batting: LHB Roberts Hamhock 0-0: Called Strike
0-1: Ball
1-1: Swinging Strike
1-2: Ball
2-2: Ball
3-2: Foul Ball, location: 2F
3-2: Base on Balls
Batting: RHB Madhavacharta Bhavalakar 0-0: Foul Ball, location: 2F
0-1: Ball
1-1: Ball
2-1: Ball
3-1: Fly out, F7 (Line Drive, 7)
Batting: LHB Gregory Clement 0-0: Ball
1-0: SINGLE (Line Drive, 6MD)
Roberts Hamhock to second
Batting: LHB Sandro Goro 0-0: SINGLE (Flyball, 8LS)
Roberts Hamhock to third
Gregory Clement to second
Batting: LHB Yu Miao 0-0: Ball
1-0: Ball
2-0: SINGLE (Groundball, 6D)
Roberts Hamhock scores
Gregory Clement to third
Sandro Goro to second
Runner from 3rd tries for Home, SAFE, throw made home
Batting: RHB Miguel Pacheco 0-0: Called Strike
0-1: Grounds into double play, 6-4-3 (Groundball, 6)
Bottom of the 4th over - 2 runs, 3 hits, 0 errors, 1 left on base; Quebec 0 - Hudsonville 6
TOP OF THE 5TH
Quebec Rookies batting - Pitching for Hudsonville Flanderses : RHP Ricardo Martínez
Batting: LHB Keith Pick 0-0: Ground out U3 (Groundball, 3)
Batting: LHB Arturo Durango 0-0: Swinging Strike
0-1: Swinging Strike
0-2: Ball
1-2: Ball
2-2: Strikes out swinging
Batting: RHB Paul Tate 0-0: Ball
1-0: Ball
2-0: Foul Ball, location: 2F
2-1: Fly out, F8 (Line Drive, 8LD)
Top of the 5th over - 0 runs, 0 hits, 0 errors, 0 left on base; Quebec 0 - Hudsonville 6
BOTTOM OF THE 5TH
Hudsonville Flanderses batting - Pitching for Quebec Rookies : RHP Pancho Medellín
Batting: RHB Raúl Colomo 0-0: Fly out, F9 (Flyball, 9S)
Batting: LHB Aurelius Estrada 0-0: Ball
1-0: SOLO HOME RUN (Line Drive, 89XD), Distance : 412 ft
Batting: SHB Kensaku Usui 0-0: Ball
1-0: Fly out, F9 (Line Drive, 9LM)
Batting: LHB Roberts Hamhock 0-0: Ball
1-0: Foul Ball, location: 2F
1-1: Ball
2-1: DOUBLE (Flyball, 8RXD) - OUT at third base trying to stretch hit.
Bottom of the 5th over - 1 run, 2 hits, 0 errors, 0 left on base; Quebec 0 - Hudsonville 7
TOP OF THE 6TH
Quebec Rookies batting - Pitching for Hudsonville Flanderses : RHP Ricardo Martínez
Pitching: RHP Alastair England
Batting: RHB Rien Provoost 0-0: Ball
1-0: Ball
2-0: Foul Ball, location: 2F
2-1: Foul Ball, location: 2F
2-2: Strikes out looking
Batting: LHB Palaie Gaoteote 0-0: Ball
1-0: Ground out 1-3 (Groundball, 13S)
Batting: RHB Jon Deal 0-0: Swinging Strike
0-1: Called Strike
0-2: Strikes out looking
Top of the 6th over - 0 runs, 0 hits, 0 errors, 0 left on base; Quebec 0 - Hudsonville 7
BOTTOM OF THE 6TH
Hudsonville Flanderses batting - Pitching for Quebec Rookies : RHP Pancho Medellín
Batting: RHB Madhavacharta Bhavalakar 0-0: Ball
1-0: Called Strike
1-1: Swinging Strike
1-2: Strikes out swinging
Batting: LHB Gregory Clement 0-0: Fly out, F3 (Line Drive, 3L)
Batting: LHB Sandro Goro 0-0: Called Strike
0-1: Ball
1-1: Called Strike
1-2: Foul Ball, location: 2F
1-2: Ground out 5-3 (Groundball, 56)
Bottom of the 6th over - 0 runs, 0 hits, 0 errors, 0 left on base; Quebec 0 - Hudsonville 7
TOP OF THE 7TH
Quebec Rookies batting - Pitching for Hudsonville Flanderses : RHP Alastair England
Batting: LHB John Langevine 0-0: Ball
1-0: Ball
2-0: Ball
3-0: Called Strike
3-1: Foul Ball, location: 2F
3-2: Fly out, F5 (Popup, 5S)
Batting: RHB Alejandro Córdova 0-0: Called Strike
0-1: Swinging Strike
0-2: Strikes out looking
Batting: RHB Justin Hunt 0-0: Foul Ball, location: 2F
0-1: Ball
1-1: Ball
2-1: Fly out, F8 (Line Drive, 8LD)
Top of the 7th over - 0 runs, 0 hits, 0 errors, 0 left on base; Quebec 0 - Hudsonville 7
BOTTOM OF THE 7TH
Hudsonville Flanderses batting - Pitching for Quebec Rookies : RHP Pancho Medellín
Batting: LHB Yu Miao 0-0: Foul Ball, location: 2F
0-1: SINGLE (Groundball, 4MD)
Batting: RHB Miguel Pacheco 0-0: Ball
1-0: Called Strike
1-1: Ball
2-1: Ball
3-1: Base on Balls
Yu Miao to second
Batting: RHB Raúl Colomo 0-0: Swinging Strike
0-1: SINGLE (Groundball, 4MD)
Yu Miao to third
Miguel Pacheco to second
Runner from 3rd tries for Home, SAFE, throw made home
Batting: LHB Aurelius Estrada 0-0: Foul Ball, location: 2F
0-1: SINGLE (Line Drive, 3D)
Miguel Pacheco to third
Raúl Colomo to second
Batting: SHB Kensaku Usui 0-0: SINGLE (Groundball, 4MD)
Miguel Pacheco scores
Raúl Colomo to third
Aurelius Estrada to second
Pitching: RHP Nikita van de Haar
Batting: LHB Roberts Hamhock 0-0: Ball
1-0: Ball
2-0: Ball
3-0: Called Strike
3-1: DOUBLE (Line Drive, 9LD)
Raúl Colomo scores
Aurelius Estrada scores
Kensaku Usui to third
Batting: RHB Madhavacharta Bhavalakar 0-0: Ball
1-0: Fly out, F9 (Flyball, 89M)
Batting: LHB Gregory Clement 0-0: Called Strike
0-1: Foul Ball, location: 2F
0-2: Ball
1-2: Strikes out swinging
Batting: LHB Sandro Goro 0-0: Called Strike
0-1: Foul Ball, location: 2F
0-2: Ball
1-2: Fly out, F7 (Flyball, 7)
Bottom of the 7th over - 4 runs, 5 hits, 0 errors, 2 left on base; Quebec 0 - Hudsonville 11
TOP OF THE 8TH
Quebec Rookies batting - Pitching for Hudsonville Flanderses : RHP Alastair England
Batting: LHB Keith Pick 0-0: Called Strike
0-1: Ball
1-1: Ball
2-1: SOLO HOME RUN (Flyball, 9D), Distance : 366 ft
Batting: LHB Arturo Durango 0-0: Ball
1-0: Ball
2-0: SINGLE (Groundball, 34D)
Batting: RHB Paul Tate 0-0: Called Strike
0-1: Ball
1-1: Foul Ball, location: 2F
1-2: Foul Ball, location: 2F
1-2: SINGLE (Line Drive, 89S)
Arturo Durango to second
Batting: RHB Rien Provoost 0-0: Called Strike
0-1: Ball
1-1: Fly out, F8 (Flyball, 8LD)
Runner from 2nd tags up, SAFE at 3rd with throw
Pinch Hitting: RHB Christian Patriarche 0-0: Called Strike
0-1: Foul Ball, location: 2F
0-2: Fly out, F9 (Flyball, 9LS)
Runner from 3rd tags up, SCORES, throw made
Batting: RHB Jon Deal 0-0: Ball
1-0: Called Strike
1-1: Swinging Strike
1-2: Ball
2-2: Ball
3-2: Fly out, F8 (Flyball, 8LXD)
Top of the 8th over - 2 runs, 3 hits, 0 errors, 1 left on base; Quebec 2 - Hudsonville 11
BOTTOM OF THE 8TH
Hudsonville Flanderses batting - Pitching for Quebec Rookies : RHP Nikita van de Haar
Now in LF: Christian Patriarche
Batting: LHB Yu Miao 0-0: SINGLE (Line Drive, 34D)
Batting: RHB Miguel Pacheco 0-0: Called Strike
0-1: Ball
1-1: Ball
2-1: Ball
3-1: SINGLE (Groundball, 3D)
Yu Miao to second
Runner from 2nd tries for 3rd, SAFE, no throw
Batting: RHB Raúl Colomo 0-0: Ball
1-0: Ball
2-0: Called Strike
2-1: Fly out, F9 (Line Drive, 9D)
Runner from 3rd tags up, SCORES, no throw
Batting: LHB Aurelius Estrada 0-0: Foul Ball, location: 2F
0-1: Fly out, F7 (Flyball, 7LS)
Batting: SHB Kensaku Usui 0-0: Ball
1-0: SINGLE (Flyball, 78S)
Miguel Pacheco to second
Batting: LHB Roberts Hamhock 0-0: Ball
1-0: SINGLE (Groundball, 4MD)
Miguel Pacheco to third
Kensaku Usui to second
Runner from 3rd tries for Home, SAFE, no throw
Batting: RHB Madhavacharta Bhavalakar 0-0: Called Strike
0-1: DOUBLE (Line Drive, 8LD)
Kensaku Usui scores
Roberts Hamhock to third
Runner from 3rd tries for Home, SAFE, no throw
Pitching: RHP António Sánchez
Batting: LHB Gregory Clement 0-0: Ball
1-0: Ball
2-0: Ball
3-0: Base on Balls
Batting: LHB Sandro Goro 0-0: Ball
1-0: Ball
2-0: Called Strike
2-1: Fielders Choice at 2nd, 6-4 (Groundball, 6)
Bottom of the 8th over - 4 runs, 5 hits, 0 errors, 2 left on base; Quebec 2 - Hudsonville 15
TOP OF THE 9TH
Quebec Rookies batting - Pitching for Hudsonville Flanderses : RHP Alastair England
Batting: LHB John Langevine 0-0: Called Strike
0-1: Foul Ball, location: 2F
0-2: Ball
1-2: Ball
2-2: DOUBLE (Flyball, 78D)
Batting: RHB Alejandro Córdova 0-0: Ball
1-0: Called Strike
1-1: Ball
2-1: Ball
3-1: Foul Ball, location: 2F
3-2: Strikes out looking
Batting: RHB Justin Hunt 0-0: Called Strike
0-1: Ball
1-1: Called Strike
1-2: Ball
2-2: Ground out 5-3 (Groundball, 56)
Batting: LHB Keith Pick 0-0: Swinging Strike
0-1: Foul Ball, location: 2F
0-2: Strikes out swinging
Top of the 9th over - 0 runs, 1 hit, 0 errors, 1 left on base; Quebec 2 - Hudsonville 15
Saturday, December 22nd, 2018 - OOTP Baseball 18.8 Build 76